 Seeded DCSS version 0.30.1-11-g7821555f0a (webtiles) character file.

Game seed: 6351066067085065685 (custom seed)

761 Esekla the Thaumaturge (level 7, -6/36 HPs)
             Began as a Deep Elf Wanderer on Nov 11, 2023.
             Was a Believer of Vehumet.
             Mangled by Blork the orc
             ... wielding a +0 scimitar
              (13 damage)
             ... on level 6 of the Dungeon.
             The game lasted 00:31:41 (4165 turns).

Esekla the Thaumaturge (Deep Elf Wanderer)          Turns: 4165, Time: 00:31:42

Health: -6/36      AC:  4    Str: 11    XL:     7   Next: 51%
Magic:  10/20      EV: 12    Int: 20    God:    Vehumet [**....]
Gold:   276        SH:  4    Dex: 11    Spells: 12/22 levels left

rFire   . . .        a - +2 dagger (vamp)
rCold   . . .        d - +0 buckler
rNeg    . . .        c - +0 robe
rPois   .            l - +0 helmet
rElec   .            (no cloak)
rCorr   .            k - +0 pair of gloves
SInv    .            (no boots)
Will    .....        A - amulet of magic regeneration
Stlth   ++           (no ring)
HPRegen 0.26/turn    (no ring)
MPRegen 0.57/turn

%: no passive effects
@: no status effects
A: no striking features
a: Renounce Religion


You were on level 6 of the Dungeon.
You worshipped Vehumet.
Vehumet was pleased with you.
You visited 1 branch of the dungeon, and saw 6 of its levels.

You collected 276 gold pieces.

Inventory:

Hand Weapons
 a - a +2 vampiric dagger (weapon)
 r - a +0 trident
 s - the +5 rapier of the Hero {heavy, rN+ Dex+3}
   (You found it on level 3 of the Dungeon)

   Dex:       It affects your dexterity (+3).
   rN:        It protects you from negative energy.
Missiles
 v - 7 poisoned darts (quivered)
Armour
 c - a +0 robe (worn)
 d - a +0 buckler (worn)
 k - a +0 pair of gloves (worn)
 l - a +0 helmet (worn)
Jewellery
 A - an amulet of magic regeneration (around neck)
Wands
 w - a wand of roots (16)
 B - a wand of flame (15)
Scrolls
 g - 5 scrolls of identify {unknown}
 n - 2 scrolls of amnesia {unknown}
 o - a scroll of enchant armour {unknown}
 p - a scroll of immolation {unknown}
 q - 2 scrolls of blinking {unknown}
 t - 2 scrolls of fog {unknown}
 x - 3 scrolls of enchant weapon {unknown}
 y - a scroll of silence {unknown}
 z - a scroll of magic mapping {unknown}
 C - 2 scrolls of fear
 D - a scroll of summoning {unknown}
Potions
 b - 2 potions of lignification
 e - a potion of ambrosia {unknown}
 f - 2 potions of attraction {unknown}
 h - a potion of heal wounds {unknown}
 i - a potion of haste {unknown}
 j - 5 potions of curing {unknown}
 m - a potion of mutation {unknown}
 u - 3 potions of brilliance {unknown}


   Skills:
 + Level 2.2 Short Blades
 + Level 0.1 Throwing
 * Level 3.3 Dodging
 + Level 1.9 Stealth
 + Level 1.6 Shields
 * Level 8.3 Spellcasting
 + Level 1.3 Conjurations
 * Level 4.5 Necromancy
 + Level 3.1 Translocations
 + Level 1.1 Invocations


You had 12 spell levels left.
You knew the following spells:

 Your Spells              Type           Power      Damage    Failure   Level
a - Magic Dart            Conj           52%        1d5       7%          1
b - Blink                 Tloc           40%        N/A       4%          2
d - Vampiric Draining     Necr           26%        2d7       5%          3
n - Ignite Poison         Fire/Tmut/Pois 8%         N/A       34%         3
p - Apportation           Tloc           40%        N/A       3%          1

Your spell library contained the following spells:

 Spells                   Type           Power      Damage    Failure   Level
 Kiss of Death            Conj/Necr      80%        2d11      3%          1
 Lesser Beckoning         Tloc           40%        N/A       4%          2
 Gell's Gravitas          Tloc           20%        N/A       10%         3
 Teleport Other           Tloc           20%        N/A       10%         3
 Spider Form              Tmut/Pois      8%         N/A       34%         3
 Cause Fear               Hex            4%         N/A       77%         4
 Summon Mana Viper        Hex/Summ       8%         N/A       98%         5


Dungeon Overview and Level Annotations

Branches:
Dungeon (6/15)
 Temple: D:4-7

Altars:
Dithmenos
Hepliaklqana
Okawaru
Qazlal
Trog
Vehumet
Zin
The Shining One

Shops:
D:2 =   D:4 (

Annotations:
D:2 black bear
D:6 Blork the orc


Message History

You hit Blork the orc.
Blork the orc is lightly wounded.
Blork the orc completely misses you.
You hit Blork the orc.
Blork the orc is moderately wounded.
Blork the orc hits you with a +0 scimitar!
Blork the orc screams, "I'll break your legs!"
Blork the orc barely misses you.
Casting: Magic Dart (safe; 7% risk of failure)
Confirm with . or Enter, or press ? or * to list all spells.
Aiming: Vampiric Draining (dangerous; 5% risk of failure)
Press: ? - help, Shift-Dir - straight line, f - Blork the orc
Aim: Blork the orc, wielding a +0 scimitar and wearing a +0 robe (moderately wounded, fast)
You draw life force from Blork the orc!
You feel life coursing into your body.
Blork the orc hits you with a +0 scimitar!
Casting: Vampiric Draining (dangerous; 5% risk of failure)
Confirm with . or Enter, or press ? or * to list all spells.
Aiming: Vampiric Draining (dangerous; 5% risk of failure)
Press: ? - help, Shift-Dir - straight line, f/p - Blork the orc
Aim: Blork the orc, wielding a +0 scimitar and wearing a +0 robe (heavily wounded, fast)
You draw life force from Blork the orc.
You feel life coursing into your body.
Blork the orc gestures at you while chanting.
The puff of frost hits you!
Blork the orc hits you with a +0 scimitar!
* * * LOW HITPOINT WARNING * * *
Casting: Vampiric Draining (dangerous; 5% risk of failure)
Confirm with . or Enter, or press ? or * to list all spells.
Aiming: Vampiric Draining (dangerous; 5% risk of failure)
Press: ? - help, Shift-Dir - straight line, f/p - Blork the orc
Aim: Blork the orc, wielding a +0 scimitar and wearing a +0 robe (heavily wounded, fast)
You draw life force from Blork the orc.
You feel life coursing into your body. Blork the orc closely misses you.
Casting: Vampiric Draining (dangerous; 5% risk of failure)
Confirm with . or Enter, or press ? or * to list all spells.
Aiming: Vampiric Draining (dangerous; 5% risk of failure)
Press: ? - help, Shift-Dir - straight line, f/p - Blork the orc
Aim: Blork the orc, wielding a +0 scimitar and wearing a +0 robe (severely wounded, fast)
You draw life force from Blork the orc!
You feel life coursing into your body.
Blork the orc hits you with a +0 scimitar!
You die...

#. #..
..##..
.....
...####
#.....# #
#.....###.#
#.........#
#......####
#@o.......#
###.#####.#
#.#
#.......#
#.#...#.# #
....o ..
....... ...
#........
..
#.........


o You could see Blork the orc (fast).

Vanquished Creatures
  An ogre (D:5)
  2 scorpions (D:5)
  A gnoll bouda (D:3)
  4 hounds
  A sleepcap (D:5)
  4 iguanas
  12 gnolls
  8 adders
  2 white imps
  A worm (D:4)
  3 dart slugs
  10 orcs
  4 endoplasms
  8 goblins
  5 hobgoblins
  A quokka (D:1)
  6 ball pythons
  4 bats
  4 frilled lizards
  5 kobolds
  A rat (D:1)
87 creatures vanquished.

Notes
Turn   | Place    | Note
-------+----------+-------------------------------------------
     0 | D:1      | Esekla the Deep Elf Wanderer began the quest for the Orb.
     0 | D:1      | Esekla set off with the following items: a +0 club, a
                  | potion of lignification, a +0 robe, a +0 buckler; and the
                  | following spells available to memorise: Apportation, Blink,
                  | Lesser Beckoning, Magic Dart, Ignite Poison, Vampiric
                  | Draining.
     0 | D:1      | Reached XP level 1. HP: 10/10 MP: 7/7
     2 | D:1      | Learned a level 1 spell: Magic Dart
     4 | D:1      | Learned a level 1 spell: Apportation
   259 | D:2      | Found Renulab's Jewellery Shop.
   515 | D:4      | Found a radiant altar of Vehumet.
   523 | D:4      | Found an iron altar of Okawaru.
   534 | D:4      | Found a glowing silver altar of Zin.
   617 | D:4      | Became a worshipper of Vehumet
   871 | D:3      | Reached XP level 2. HP: 15/15 MP: 9/9
   874 | D:3      | Learned a level 2 spell: Blink
  1099 | D:3      | Identified the +5 rapier of the Hero {heavy, rN+ Dex+3}
  1160 | D:2      | Reached skill level 5 in Spellcasting
  1217 | D:1      | Reached skill level 1 in Necromancy
  1248 | D:1      | Reached XP level 3. HP: 19/19 MP: 1/11
  1559 | D:1      | Reached * piety under Vehumet
  1559 | D:1      | Offered knowledge of Sandblast by Vehumet.
  1642 | D:1      | Learned a level 3 spell: Ignite Poison
  1646 | D:1      | Learned a level 3 spell: Vampiric Draining
  1655 | D:2      | Noticed a black bear
  1724 | D:2      | Reached XP level 4. HP: 23/24 MP: 13/13
  1824 | D:2      | Found a faded altar of an unknown god.
  1974 | D:2      | Reached skill level 1 in Short Blades
  2103 | D:2      | Reached skill level 1 in Dodging
  2103 | D:2      | Reached skill level 1 in Conjurations
  2182 | D:3      | Reached skill level 6 in Spellcasting
  2297 | D:3      | Found a stormy altar of Qazlal.
  2314 | D:3      | Reached XP level 5. HP: 25/28 MP: 7/15
  2373 | D:3      | Found a bloodstained altar of Trog.
  2376 | D:3      | Found a hazy altar of Hepliaklqana.
  2516 | D:4      | Found Ponaysk's Antique Weapon Boutique.
  2970 | D:5      | Entered Level 5 of the Dungeon
  2978 | D:5      | Got the Parchment of the Lumpy Olives
  3006 | D:5      | Found a shadowy altar of Dithmenos.
  3095 | D:5      | Reached XP level 6. HP: 32/32 MP: 15/17
  3158 | D:5      | Reached skill level 7 in Spellcasting
  3470 | D:4      | Reached ** piety under Vehumet
  3470 | D:4      | Offered knowledge of Kiss of Death by Vehumet.
  3511 | D:4      | Found a glowing golden altar of the Shining One.
  3663 | D:5      | Reached XP level 7. HP: 35/36 MP: 17/20
  3972 | D:5      | Reached skill level 8 in Spellcasting
  4150 | D:6      | Noticed Blork the orc
  4165 | D:6      | Mangled by Blork the orc

Illustrated notes

Levels and vault maps discovered:
D:1:      sevenhm_arrival_forest_fort_small_3, layout_rooms,
          chequers_serial_rivers_room_b, minmay_misc_feat_five
D:2:      layout_loops_ring, dreamdust_ecumenical_altar_angels_and_demons,
          serial_shops, shop
D:3:      layout_basic, grunt_temple_overflow_open, minmay_misc_feat_iff
D:4:      layout_basic, nicolae_overflow_quartered_altars, serial_shops,
          nicolae_diamond_shop
D:5:      layout_loops_ring, lemuel_doored_altar, minmay_misc_feat_rows,
          dreamdust_wishing_well
D:6:      layout_loops_cross, fedhas_altar_fruit_tree,
          minmay_temple_entry_glass, uniq_pikel, uniq_blork_the_orc

Skill      XL: |  1  2  3  4  5  6  7 |
---------------+----------------------+-----
Spellcasting   | 5 6 7 8 |  8.3
Necromancy     | 1 2 4 |  4.5
Short Blades   | 1 2 |  2.2
Dodging        | 1 2 3 |  3.3
Conjurations   | 1 |  1.3
Translocations | 3 |  3.1
Throwing       | |  0.1
Stealth        | |  1.9
Shields        | |  1.6
Invocations    | |  1.1

Action                     |  1- 3 |  4- 6 |  7- 9 || total
---------------------------+-------+-------+-------++-------
  Melee: Short sword       |    13 |       |       ||    13
         Rapier            |    21 |    51 |     9 ||    81
         Dagger            |       |    14 |    27 ||    41
  Throw: Dart              |       |     4 |     4 ||     8
   Cast: Apportation       |    29 |    17 |     3 ||    49
         Magic Dart        |    53 |    61 |     6 ||   120
         Blink             |     1 |     1 |       ||     2
         Vampiric Draining |       |    16 |     9 ||    25
         Ignite Poison     |       |       |     1 ||     1
    Use: Scroll            |     1 |       |       ||     1
   Stab: Sleeping          |     2 |     1 |     1 ||     4
 Armour: Robe              |    27 |    15 |     6 ||    48
  Dodge: Dodged            |    37 |    45 |    18 ||   100
  Block: Buckler           |    11 |    11 |    14 ||    36
